TOP OF THE 1ST |
Victoria Capitals batting - Pitching for Calgary Flames : LHP Cory Watson
|
Pitching: LHP Cory Watson
|
|
Batting: RHB Enrique Valdez
|
0-0: Called Strike 0-1: Ball 1-1: Swinging Strike 1-2: Ground out 6-3 (Groundball, 6, EV 87.5 MPH)
|
Batting: RHB Nick Edmunds
|
0-0: Ball 1-0: Foul Ball, location: 2F 1-1: Ball 2-1: Ball 3-1: Base on Balls
|
Batting: LHB Taki Matsui
|
0-0: Ball 1-0: Ball 2-0: Called Strike 2-1: Fly out, F3 (Flyball, 3D, EV 91.9 MPH)
|
Batting: RHB Jesus Santiago
|
0-0: Foul Ball, location: 2F 0-1: Ball 1-1: Called Strike 1-2: Hit by Pitch Nick Edmunds to second
|
Batting: SHB Ray Skogen
|
0-0: Fielders Choice at 2nd, 5-4 (Groundball, 56, EV 88.1 MPH)
|
Top of the 1st over - 0 runs, 0 hits, 0 errors, 2 left on base; Victoria 0 - Calgary 0 |
BOTTOM OF THE 1ST |
Calgary Flames batting - Pitching for Victoria Capitals : RHP Marty Maginnis
|
Pitching: RHP Marty Maginnis
|
|
Batting: RHB Dave McBain
|
0-0: SINGLE (Flyball, 9LS, EV 95.0 MPH)
|
Batting: RHB Ricardo Ortiz
|
0-0: Ball 1-0: Ball 2-0: Called Strike 2-1: Grounds into double play, 4-6-3 (Groundball, 4, EV 76.9 MPH)
|
Batting: RHB Eric McMillian
|
0-0: Ball 1-0: Ball 2-0: Ball 3-0: Called Strike 3-1: Reached on error, E6 (Groundball, 6, EV 84.4 MPH)
|
Batting: RHB Wally Cangro
|
0-0: Ball 1-0: Ball 2-0: Called Strike 2-1: Fly out, F8 (Flyball, 89M, EV 90.6 MPH)
|
Bottom of the 1st over - 0 runs, 1 hit, 1 error, 1 left on base; Victoria 0 - Calgary 0 |
TOP OF THE 2ND |
Victoria Capitals batting - Pitching for Calgary Flames : LHP Cory Watson
|
Batting: SHB Frank Amato
|
0-0: Ball 1-0: Ball 2-0: Ball 3-0: Base on Balls
|
Batting: RHB Danny Pujols
|
0-0: Ball 1-0: Ball 2-0: Called Strike 2-1: Grounds into double play, 4-6-3 (Groundball, 34, EV 82.5 MPH)
|
Batting: RHB David Greene
|
0-0: Foul Ball, location: 2F 0-1: Called Strike 0-2: Foul Ball, location: 2F 0-2: Foul Ball, location: 2F 0-2: Foul Ball, location: 2F 0-2: Ball 1-2: Ball 2-2: Ground out 6-3 (Groundball, 6, EV 106.3 MPH)
|
Top of the 2nd over - 0 runs, 0 hits, 0 errors, 0 left on base; Victoria 0 - Calgary 0 |
BOTTOM OF THE 2ND |
Calgary Flames batting - Pitching for Victoria Capitals : RHP Marty Maginnis
|
Pitching: LHP Chris Wheeler
|
|
Batting: RHB Kalidas Mishra
|
0-0: Ball 1-0: SINGLE (Groundball, 6, EV 103.1 MPH)
|
Batting: RHB Brian DeVoe
|
0-0: Ball 1-0: Ball 2-0: Ball Wild Pitch! Kalidas Mishra to second 3-0: Base on Balls
|
Batting: LHB James McCauley
|
0-0: Called Strike 0-1: Hit by Pitch Kalidas Mishra to third Brian DeVoe to second
|
Batting: RHB Elias Vences
|
0-0: Ball 1-0: Grounds into double play, 6-4-3 (Groundball, 6, EV 97.5 MPH) Kalidas Mishra scores Brian DeVoe to third
|
Batting: RHB Mike MacLeod
|
0-0: Called Strike 0-1: Foul Ball, location: 2F 0-2: Ball 1-2: Fly out, F8 (Flyball, 78XD, EV 107.5 MPH)
|
Bottom of the 2nd over - 1 run, 1 hit, 0 errors, 1 left on base; Victoria 0 - Calgary 1 |
TOP OF THE 3RD |
Victoria Capitals batting - Pitching for Calgary Flames : LHP Cory Watson
|
Batting: LHB Addisu Nyamekye
|
0-0: Called Strike 0-1: Ball 1-1: Ball 2-1: Foul Ball, location: 2F 2-2: Strikes out swinging
|
Batting: RHB Enrique Valdez
|
0-0: Ground out 6-3 (Groundball, 6, EV 105.6 MPH)
|
Batting: RHB Nick Edmunds
|
0-0: SOLO HOME RUN (Flyball, 7D, EV 105.6 MPH), Distance : 419 ft
|
Batting: LHB Taki Matsui
|
0-0: SOLO HOME RUN (Flyball, 9LD, EV 97.5 MPH), Distance : 350 ft
|
Batting: RHB Jesus Santiago
|
0-0: Fly out, F7 (Flyball, 7LD, EV 103.8 MPH)
|
Top of the 3rd over - 2 runs, 2 hits, 0 errors, 0 left on base; Victoria 2 - Calgary 1 |
BOTTOM OF THE 3RD |
Calgary Flames batting - Pitching for Victoria Capitals : LHP Chris Wheeler
|
Batting: RHB Dave McBain
|
0-0: Ball 1-0: Swinging Strike 1-1: Ball 2-1: Ball 3-1: Base on Balls
|
Batting: RHB Ricardo Ortiz
|
0-0: Called Strike 0-1: SINGLE (Groundball, 6MD, EV 94.4 MPH) Dave McBain to second Runner from 2nd tries for 3rd, OUT! 8-5
|
Batting: RHB Eric McMillian
|
0-0: Ball 1-0: Ball 2-0: Called Strike 2-1: Swinging Strike 2-2: Ball 3-2: Strikes out swinging
|
Pitching: RHP Aaron Black
|
|
Batting: RHB Wally Cangro
|
0-0: Called Strike 0-1: DOUBLE (Line Drive, 5D, EV 95.0 MPH) Ricardo Ortiz to third Runner from 3rd tries for Home, SAFE, no throw by LF
|
Batting: RHB Kalidas Mishra
|
0-0: Ball 1-0: Ball 2-0: Fly out, F9 (Flyball, 9D, EV 84.4 MPH)
|
Bottom of the 3rd over - 1 run, 2 hits, 0 errors, 1 left on base; Victoria 2 - Calgary 2 |
TOP OF THE 4TH |
Victoria Capitals batting - Pitching for Calgary Flames : LHP Cory Watson
|
Batting: SHB Ray Skogen
|
0-0: Swinging Strike 0-1: Called Strike 0-2: Ball 1-2: Foul Ball, location: 2F 1-2: Strikes out swinging
|
Batting: SHB Frank Amato
|
0-0: Called Strike 0-1: Ball 1-1: Ball 2-1: Ball 3-1: Base on Balls
|
Batting: RHB Danny Pujols
|
0-0: Foul Ball, location: 2F 0-1: Ball 1-1: Swinging Strike 1-2: Strikes out swinging
|
Batting: RHB David Greene
|
0-0: SINGLE (Groundball, 56D, EV 99.4 MPH) Frank Amato to second
|
Batting: LHB Addisu Nyamekye
|
0-0: Ball 1-0: Foul Ball, location: 2F 1-1: Ball 2-1: Fly out, F6 (Line Drive, 6, EV 70.6 MPH)
|
Top of the 4th over - 0 runs, 1 hit, 0 errors, 2 left on base; Victoria 2 - Calgary 2 |
BOTTOM OF THE 4TH |
Calgary Flames batting - Pitching for Victoria Capitals : RHP Aaron Black
|
Batting: RHB Brian DeVoe
|
0-0: Ball 1-0: Ball 2-0: Foul Ball, location: 2F 2-1: SINGLE (Line Drive, 5D, EV 95.6 MPH)
|
Batting: LHB James McCauley
|
0-0: SINGLE (Groundball, 34, EV 95.0 MPH) Brian DeVoe to second Runner from 2nd tries for 3rd, SAFE, throw by RF made to third
|
Batting: RHB Elias Vences
|
0-0: Called Strike 0-1: Ball 1-1: SINGLE (Groundball, 15S, EV 75.0 MPH) (infield hit) James McCauley to second
|
Batting: RHB Mike MacLeod
|
0-0: Ball Passed Ball! Brian DeVoe scores James McCauley to third Elias Vences to second 1-0: Swinging Strike 1-1: Ball 2-1: Called Strike 2-2: Ball 3-2: Ground out 6-3 (Groundball, 6, EV 79.4 MPH) James McCauley scores Elias Vences to third
|
Batting: RHB Dave McBain
|
0-0: Ball 1-0: Called Strike 1-1: Ball 2-1: Foul Ball, location: 2F 2-2: Ball 3-2: SINGLE (Groundball, 6D, EV 110.6 MPH) Elias Vences scores
|
Batting: RHB Ricardo Ortiz
|
0-0: Grounds into double play, 6-4-3 (Groundball, 6, EV 105.6 MPH)
|
Bottom of the 4th over - 3 runs, 4 hits, 0 errors, 0 left on base; Victoria 2 - Calgary 5 |
TOP OF THE 5TH |
Victoria Capitals batting - Pitching for Calgary Flames : LHP Cory Watson
|
Batting: RHB Enrique Valdez
|
0-0: Ball 1-0: Foul Ball, location: 2F 1-1: Ball 2-1: Fly out, F8 (Flyball, 8LM, EV 92.5 MPH)
|
Batting: RHB Nick Edmunds
|
0-0: Ball 1-0: Ball 2-0: Ball 3-0: Base on Balls
|
Batting: LHB Taki Matsui
|
0-0: Called Strike 0-1: Swinging Strike 0-2: Strikes out looking
|
Batting: RHB Jesus Santiago
|
0-0: Ball 1-0: Foul Ball, location: 2F 1-1: Ball 2-1: Ball 3-1: Base on Balls Nick Edmunds to second
|
Batting: SHB Ray Skogen
|
0-0: Ball 1-0: Called Strike 1-1: Ground out 5-3 (Groundball, 56S, EV 83.1 MPH)
|
Top of the 5th over - 0 runs, 0 hits, 0 errors, 2 left on base; Victoria 2 - Calgary 5 |
BOTTOM OF THE 5TH |
Calgary Flames batting - Pitching for Victoria Capitals : RHP Aaron Black
|
Batting: RHB Eric McMillian
|
0-0: Ground out 5-3 (Groundball, 5, EV 81.3 MPH)
|
Batting: RHB Wally Cangro
|
0-0: Ball 1-0: Ball 2-0: SINGLE (Line Drive, 4D, EV 98.8 MPH)
|
Batting: RHB Kalidas Mishra
|
0-0: Called Strike 0-1: Called Strike 0-2: Ball 1-2: Ball Wally Cangro steals 2nd base (no throw) 2-2: Foul Ball, location: 2F 2-2: Fly out, F1 (Line Drive, P, EV 62.5 MPH)
|
Batting: RHB Brian DeVoe
|
0-0: Foul Ball, location: 2F 0-1: Foul Ball, location: 2F 0-2: Ball 1-2: SINGLE (Line Drive, 56D, EV 96.3 MPH) Wally Cangro to third Runner from 3rd tries for Home, SAFE, throw by LF to home
|
Pitching: RHP Chris Julien
|
|
Batting: LHB James McCauley
|
0-0: Called Strike 0-1: Ball 1-1: Ball 2-1: Swinging Strike 2-2: SINGLE (Groundball, 34D, EV 96.3 MPH) Brian DeVoe to second Runner from 2nd tries for 3rd, SAFE, throw by RF made to third
|
Batting: RHB Elias Vences
|
0-0: Called Strike 0-1: Swinging Strike 0-2: Fielders Choice at 2nd, 6-4 (Groundball, 6, EV 91.3 MPH)
|
Bottom of the 5th over - 1 run, 3 hits, 0 errors, 2 left on base; Victoria 2 - Calgary 6 |
TOP OF THE 6TH |
Victoria Capitals batting - Pitching for Calgary Flames : LHP Cory Watson
|
Pitching: RHP Mason Broderick
|
|
Batting: SHB Frank Amato
|
0-0: Called Strike 0-1: Foul Ball, location: 2F 0-2: Strikes out looking
|
Batting: RHB Danny Pujols
|
0-0: Ball 1-0: Ball 2-0: Swinging Strike 2-1: Swinging Strike 2-2: Foul Ball, location: 2F 2-2: Ball 3-2: Fly out, F9 (Flyball, 9D, EV 91.3 MPH)
|
Batting: RHB David Greene
|
0-0: Ball 1-0: Called Strike 1-1: Swinging Strike 1-2: Strikes out looking
|
Top of the 6th over - 0 runs, 0 hits, 0 errors, 0 left on base; Victoria 2 - Calgary 6 |
BOTTOM OF THE 6TH |
Calgary Flames batting - Pitching for Victoria Capitals : RHP Chris Julien
|
Batting: RHB Mike MacLeod
|
0-0: Called Strike 0-1: Called Strike 0-2: Ball 1-2: Ball 2-2: Strikes out swinging
|
Batting: RHB Dave McBain
|
0-0: Fly out, F7 (Flyball, 7LS, EV 95.0 MPH)
|
Batting: RHB Ricardo Ortiz
|
0-0: Ball 1-0: Swinging Strike 1-1: SINGLE (Groundball, 34D, EV 107.5 MPH)
|
Batting: RHB Eric McMillian
|
0-0: Ball 1-0: Called Strike 1-1: Ball 2-1: Ball 3-1: Base on Balls Ricardo Ortiz to second
|
Pitching: RHP Ramon Pedroza
|
|
Batting: RHB Wally Cangro
|
0-0: Ball 1-0: Foul Ball, location: 2F 1-1: Ball 2-1: Swinging Strike 2-2: Strikes out looking
|
Bottom of the 6th over - 0 runs, 1 hit, 0 errors, 2 left on base; Victoria 2 - Calgary 6 |
TOP OF THE 7TH |
Victoria Capitals batting - Pitching for Calgary Flames : RHP Mason Broderick
|
Batting: LHB Addisu Nyamekye
|
0-0: Ball 1-0: Foul Ball, location: 2F 1-1: Swinging Strike 1-2: Ball 2-2: Strikes out swinging
|
Batting: RHB Enrique Valdez
|
0-0: Called Strike 0-1: Ball 1-1: Foul Ball, location: 2F 1-2: Ball 2-2: Strikes out swinging
|
Batting: RHB Nick Edmunds
|
0-0: Ball 1-0: Swinging Strike 1-1: Called Strike 1-2: Strikes out swinging
|
Top of the 7th over - 0 runs, 0 hits, 0 errors, 0 left on base; Victoria 2 - Calgary 6 |
BOTTOM OF THE 7TH |
Calgary Flames batting - Pitching for Victoria Capitals : RHP Ramon Pedroza
|
Pitching: RHP Kieran Easton
|
|
Batting: RHB Kalidas Mishra
|
0-0: SINGLE (Groundball, 4M, EV 99.4 MPH)
|
Batting: RHB Brian DeVoe
|
0-0: Called Strike 0-1: Ball 1-1: Swinging Strike 1-2: Strikes out looking
|
Batting: LHB James McCauley
|
0-0: Called Strike Kalidas Mishra steals 2nd base 0-1: Ball 1-1: Fly out, F6 (Popup, 6S, EV 69.4 MPH)
|
Batting: RHB Elias Vences
|
0-0: Ball 1-0: Ball 2-0: Foul Ball, location: 2F 2-1: Foul Ball, location: 2F 2-2: Strikes out swinging passed ball, reaches first! Kalidas Mishra to third
|
Batting: RHB Mike MacLeod
|
0-0: Called Strike 0-1: Ball 1-1: Swinging Strike 1-2: Strikes out swinging
|
Bottom of the 7th over - 0 runs, 1 hit, 0 errors, 2 left on base; Victoria 2 - Calgary 6 |
TOP OF THE 8TH |
Victoria Capitals batting - Pitching for Calgary Flames : RHP Mason Broderick
|
Pitching: RHP Ching Ge
|
|
Batting: LHB Taki Matsui
|
0-0: Ball 1-0: Foul Ball, location: 2F 1-1: Ball 2-1: Ball 3-1: Foul Ball, location: 2F 3-2: Ground out 6-3 (Groundball, 6M, EV 89.4 MPH)
|
Batting: RHB Jesus Santiago
|
0-0: Foul Ball, location: 2F 0-1: Ball 1-1: Ball 2-1: Swinging Strike 2-2: Ground out 6-3 (Groundball, 6S, EV 68.8 MPH)
|
Batting: SHB Ray Skogen
|
0-0: Hit by Pitch
|
Batting: SHB Frank Amato
|
0-0: Ball 1-0: Called Strike 1-1: Swinging Strike 1-2: Ball 2-2: Strikes out swinging
|
Top of the 8th over - 0 runs, 0 hits, 0 errors, 1 left on base; Victoria 2 - Calgary 6 |
BOTTOM OF THE 8TH |
Calgary Flames batting - Pitching for Victoria Capitals : RHP Kieran Easton
|
Batting: RHB Dave McBain
|
0-0: Ground out 6-3 (Groundball, 6S, EV 88.1 MPH)
|
Batting: RHB Ricardo Ortiz
|
0-0: Called Strike 0-1: Ball 1-1: Swinging Strike 1-2: Ball 2-2: Ball 3-2: Ground out U3 (Groundball, 3L, EV 101.3 MPH)
|
Batting: RHB Eric McMillian
|
0-0: Called Strike 0-1: Swinging Strike 0-2: Strikes out swinging
|
Bottom of the 8th over - 0 runs, 0 hits, 0 errors, 0 left on base; Victoria 2 - Calgary 6 |
TOP OF THE 9TH |
Victoria Capitals batting - Pitching for Calgary Flames : RHP Ching Ge
|
Pitching: RHP Mike Swenson
|
|
Batting: RHB Danny Pujols
|
0-0: Swinging Strike 0-1: Foul Ball, location: 2F 0-2: Ball 1-2: Ball 2-2: Strikes out swinging, 2-3 out at first.
|
Batting: RHB David Greene
|
0-0: Ball 1-0: Ground out 5-3 (Groundball, 56D, EV 91.3 MPH)
|
Batting: LHB Addisu Nyamekye
|
0-0: Called Strike 0-1: Foul Ball, location: 2F 0-2: Strikes out swinging
|
Top of the 9th over - 0 runs, 0 hits, 0 errors, 0 left on base; Victoria 2 - Calgary 6 |
|